 Dungeon Crawl Stone Soup version 0.26.1-11-gd32895ea62 (webtiles) character file.

Game seed: 4417988906571546457

31957 Kold the Spry (level 13, -2/64 HPs)
             Began as a Spriggan Delver on May 21, 2021.
             Was an Elder of Ashenzari.
             Killed from afar by a hell hound (16 damage)
             ... with a blast of flame
             ... led by Azrael
             ... on level 12 of the Dungeon.
             The game lasted 01:06:05 (28108 turns).

Kold the Spry (Spriggan Delver)                    Turns: 28108, Time: 01:06:06

Health: -2/64      AC:  5    Str:  8    XL:     13   Next: 28%
Magic:  0/14       EV: 37    Int: 14    God:    Ashenzari [****..]
Gold:   1001       SH: 11    Dex: 20    Spells: 12/12 levels left

rFire    . . .     SeeInvis +   r - +6 dagger (venom) (curse)
rCold    . . .     Faith    .   j - +2 buckler (curse)
rNeg     . . .     Spirit   +   l - +0 robe (curse)
rPois    .         Reflect  .   (helmet restricted)
rElec    .         Harm     .   u - +2 cloak {rCorr} (curse)
rCorr    +         Rampage  .   (gloves unavailable)
Will     ++...     Clarity  +   (boots unavailable)
Stlth    ++++++....             a - amulet of guardian spirit
HPRegen  0.20/turn              (no ring)
MPRegen  0.14/turn              (no ring)

@: very quick
A: very small, unfitting armour, see invisible, speed 3
a: Renounce Religion, Curse Item, Scrying


You were on level 12 of the Dungeon.
You worshipped Ashenzari.
Ashenzari was greatly pleased with you.
You visited 2 branches of the dungeon, and saw 16 of its levels.

You collected 1131 gold pieces.
You spent 130 gold pieces at shops.

Inventory:

Hand Weapons
 k - a +1 dagger of chaos
 r - a cursed +6 dagger of venom (weapon)
 w - a +1 dagger of speed
Armour
 j - a cursed +2 buckler (worn)
 l - a cursed +0 robe (worn)
 u - a cursed +2 cloak of preservation (worn)
Jewellery
 a - an amulet of guardian spirit (around neck)
Wands
 b - a wand of iceblast (2)
 x - a wand of polymorph (7)
Scrolls
 c - 4 scrolls of blinking
 d - 4 scrolls of magic mapping
 g - a scroll of amnesia
 o - 4 scrolls of identify
 q - 2 scrolls of remove curse
 t - a scroll of enchant weapon
 v - 3 scrolls of fog
Potions
 e - a potion of cancellation
 f - 4 potions of haste
 h - 2 potions of berserk rage
 i - 2 potions of magic
 m - 7 potions of flight
 p - a potion of brilliance
Miscellaneous
 A - a condenser vane (inert)


   Skills:
 + Level 5.4 Fighting
 - Level 10.0(13.2) Short Blades
 - Level 2.0 Armour
 * Level 20.6(22.2) Dodging
 - Level 12.0(13.9) Stealth
 - Level 7.2(9.5) Shields
 + Level 6.4 Evocations


You had 12 spell levels left.
You didn't know any spells.
Your spell library was empty.

Dungeon Overview and Level Annotations

Branches:
Dungeon (13/15)            Temple (0/1) D:6            Lair (3/6) D:10
  Swamp (0/4) Lair:2        Snake (0/4) Lair:3       Vaults (0/5) D:13
    Orc: D:9-12

Altars:
Ashenzari
Cheibriados
Dithmenos
Elyvilon
Fedhas
Hepliaklqana
Kikubaaqudgha
Makhleb
Okawaru
Qazlal
Sif Muna
Wu Jian
Xom
Yredelemnul

Shops:
D:5 [   D:9 !

Annotations:
D:2 1 exclusion
D:11 exclusion: door
Lair:3 exclusion: 2 hydras


Innate Abilities, Weirdness & Mutations

You are very small and have problems with some larger weapons.
You are too small for most types of armour.
You have supernaturally acute eyesight. (SInv)
You cover ground extremely quickly.


Message History

* * * LOW HITPOINT WARNING * * *
You hit the hell hound but do no damage.
The hell hound is lightly wounded.
You closely miss the hell hound.
The hell hound is lightly wounded.
You block the hell hound's attack.
You hit the hell hound but do no damage.
The hell hound is lightly wounded.
The hell hound barely misses you.
You hit the hell hound.
The hell hound is lightly wounded.
You block the hell hound's attack.
You hit the hell hound.
The hell hound looks as sick as possible!
The hell hound is heavily wounded.
You hit the hell hound.
The hell hound is heavily wounded.
The hell hound breathes flames at you. The blast of flame hits you!!
You die...

....○h○.○h○°h○°..#
Y..R.○.EE○°.####.####
.#.########°○°R.....#
.h...........###.##.#
>..#########.# #.##.#
.### #.# #.##.# .# *
.###.##.# !# *,
./.#)##.# .#* *
#.#@##.# .#* ,, <
#.#h##.# .# *
#.###......# .#
#....†)##### ######.#
* * , #†# , , , {
∆#.# * * ,○#.#* *
∆○...


You could see a hell hound (extremely poisoned, catching breath).

Vanquished Creatures
  Azrael (D:12)
  Harold (D:7)
  3 hydras
  A centaur warrior (D:13)
  5 two-headed ogres
  A tengu warrior (D:13)
  A skeletal warrior (D:13)
  A deep elf archer (D:13)
  A wolf spider zombie (D:13)
  4 deep elf magi
  4 ugly things
  A cyclops (D:11)
  A cane toad (Lair:2)
  4 komodo dragons
  4 yaktaurs (D:13)
  A slime creature (D:13)
  5 blink frogs (Lair:3)
  Sigmund (D:2)
  2 shadows
  3 fire elementals
  21 yaks
  A wyvern (D:11)
  Grum (D:7)
  2 nagas (Lair:3)
  An acid dragon (D:13)
  A soldier ant (D:12)
  5 water moccasins
  2 hell hounds (D:12)
  2 black bears
  4 orc warriors
  4 phantoms
  A sky beast (D:9)
  4 wolves
  9 ogres
  A boggart (D:13)
  6 centaurs
  5 big kobolds
  5 gnoll sergeants
  13 bullfrogs
  2 scorpions
  16 killer bees
  12 wights
  2 howler monkeys
  2 vampire bats (D:5)
  2 electric eels (D:10)
  A crimson imp (D:7)
  2 centaur zombies
  2 bullfrog zombies
  A quasit (D:12)
  11 hounds
  2 jellies
  5 orc priests
  4 gnoll shamans
  13 orc wizards
  2 bullfrog skeletons
  2 iguanas
  Jessica (D:2)
  7 centaur skeletons
  Terence (D:2)
  9 worker ants
  A hound zombie (D:6)
  A worker ant zombie (D:8)
  3 howler monkey skeletons
  52 gnolls
  11 adders
  3 white imps
  An ufetubus (D:8)
  An adder skeleton (D:4)
  3 worms
  2 dart slugs
  4 leopard geckos
  33 orcs
  3 bat skeletons (D:5)
  2 bat zombies (D:5)
  6 giant cockroaches
  8 goblins
  7 hobgoblins (D:4)
  19 jackals
  2 quokkas
  10 bats
  2 frilled lizards (D:2)
  A jackal skeleton (D:5)
  13 kobolds
  2 rats
422 creatures vanquished.

Vanquished Creatures (others)
  Maurice (D:9)
  A wyvern skeleton (D:12)
  An orc wizard (D:9)
  A gnoll (D:9)
  A shadow imp (D:6)
  4 fungi (Lair:3)
  21 plants
30 creatures vanquished.

Grand Total: 452 creatures vanquished

Notes
Turn   | Place    | Note
-------+----------+-------------------------------------------
     0 | D:5      | Kold the Spriggan Delver began the quest for the Orb.
     0 | D:5      | Reached XP level 1. HP: 11/11 MP: 2/2
    20 | D:5      | Noticed a phantom
    73 | D:4      | Reached XP level 2. HP: 16/16 MP: 3/3
   146 | D:4      | Reached skill level 4 in Dodging
   146 | D:4      | Reached XP level 3. HP: 15/19 MP: 4/4
   776 | D:2      | Reached XP level 4. HP: 15/23 MP: 5/5
  1499 | D:1      | Reached skill level 5 in Dodging
  2338 | D:2      | Reached XP level 5. HP: 27/27 MP: 6/6
  2606 | D:2      | Noticed Terence
  2611 | D:2      | Killed Terence
  2612 | D:2      | Reached skill level 5 in Short Blades
  2613 | D:2      | Noticed Sigmund
  3526 | D:2      | Noticed Jessica
  3532 | D:2      | Killed Jessica
  3638 | D:2      | HP: 1/27 [Sigmund/+0 scythe (13)]
  3641 | D:2      | Killed Sigmund
  3642 | D:2      | Reached skill level 6 in Dodging
  3642 | D:2      | Reached XP level 6. HP: 32/32 MP: 7/7
  3653 | D:2      | Found a hazy altar of Hepliaklqana.
  3654 | D:2      | Found a shadowy altar of Dithmenos.
  3654 | D:2      | Noticed a shadow
  3906 | D:3      | Reached XP level 7. HP: 10/35 MP: 8/8
  4509 | D:4      | Found a shimmering blue altar of Sif Muna.
  4597 | D:4      | Reached skill level 7 in Dodging
  5212 | D:4      | Found a white marble altar of Elyvilon.
  5538 | D:5      | Found Noov's Armour Shop.
  5895 | D:5      | Found a blossoming altar of Fedhas.
  6047 | D:5      | Reached skill level 8 in Dodging
  6062 | D:5      | Reached XP level 8. HP: 39/39 MP: 9/9
  6355 | D:5      | Found an ancient bone altar of Kikubaaqudgha.
  6454 | D:6      | Found a staircase to the Ecumenical Temple.
  7023 | D:7      | Found a broken altar of Ashenzari.
  7147 | D:7      | Became a worshipper of Ashenzari the Shackled
  7244 | D:7      | Reached skill level 9 in Dodging
  7454 | D:7      | Found a shimmering altar of Xom.
  7454 | D:7      | Found a burning altar of Makhleb.
  7596 | D:7      | Noticed Harold
  7999 | D:7      | Killed Harold
  8000 | D:7      | Reached skill level 10 in Short Blades
  8000 | D:7      | Reached skill level 11 in Dodging
  8000 | D:7      | Reached XP level 9. HP: 14/43 MP: 4/10
  8434 | D:7      | Reached skill level 12 in Dodging
 10243 | D:7      | Found an ornate altar of the Wu Jian Council.
 10243 | D:7      | Found a snail-covered altar of Cheibriados.
 11044 | D:8      | Noticed a two-headed ogre
 11125 | D:8      | Killed a two-headed ogre
 11126 | D:8      | Reached skill level 13 in Dodging
 11293 | D:8      | Reached * piety under Ashenzari
 11501 | D:8      | Noticed Grum
 11541 | D:7      | Reached XP level 10. HP: 30/49 MP: 6/11
 11678 | D:7      | Killed Grum
 11679 | D:7      | Reached skill level 10 in Stealth
 12605 | D:9      | Noticed Maurice
 12624 | D:9      | Noticed a two-headed ogre
 12663 | D:9      | Killed a two-headed ogre
 12664 | D:9      | Reached skill level 14 in Dodging
 12963 | D:9      | Killed Maurice
 13396 | D:9      | Found an ornate altar of the Wu Jian Council.
 13912 | D:9      | Reached skill level 1 in Shields
 14596 | D:8      | Reached skill level 15 in Dodging
 15339 | D:9      | Found Riomuwk's Distillery.
 15991 | D:9      | Bought a potion of heal wounds for 65 gold pieces
 15991 | D:9      | Bought a potion of heal wounds for 65 gold pieces
 16023 | D:9      | Reached XP level 11. HP: 46/53 MP: 12/12
 16617 | D:10     | Entered Level 10 of the Dungeon
 17496 | D:10     | Found a staircase to the Lair.
 17825 | D:10     | Noticed a two-headed ogre
 17856 | D:10     | Killed a two-headed ogre
 17857 | D:10     | Reached skill level 16 in Dodging
 18150 | D:11     | Reached ** piety under Ashenzari
 18523 | D:11     | Reached skill level 5 in Shields
 18841 | D:11     | Noticed a purple ugly thing
 19350 | D:11     | Noticed a purple ugly thing
 19761 | Lair:1   | Entered Level 1 of the Lair of Beasts
 19890 | Lair:1   | Noticed a five-headed hydra
 20576 | Lair:1   | Killed a five-headed hydra
 20577 | Lair:1   | Reached skill level 17 in Dodging
 20882 | Lair:2   | Found a staircase to the Swamp.
 21504 | Lair:2   | Noticed a four-headed hydra
 21520 | Lair:2   | Killed a four-headed hydra
 22750 | Lair:3   | Found a stormy altar of Qazlal.
 22783 | Lair:3   | Reached XP level 12. HP: 54/58 MP: 11/13
 22849 | Lair:3   | Reached *** piety under Ashenzari
 22940 | Lair:3   | Noticed an eight-headed hydra
 22982 | Lair:3   | Noticed an eight-headed hydra
 23013 | Lair:3   | Found a staircase to the Snake Pit.
 23371 | Lair:3   | Reached skill level 18 in Dodging
 23415 | Lair:3   | Noticed a six-headed hydra
 23419 | Lair:3   | Killed a six-headed hydra
 23436 | Lair:3   | Noticed a boulder beetle
 24067 | D:3      | Found an iron altar of Okawaru.
 24136 | D:3      | Found a basalt altar of Yredelemnul.
 25075 | D:12     | Noticed Azrael
 25292 | D:13     | Noticed a tengu warrior
 25337 | D:13     | Killed a tengu warrior
 25576 | D:13     | Reached skill level 19 in Dodging
 25679 | D:13     | Reached skill level 1 in Armour
 25939 | D:13     | Noticed a two-headed ogre
 25943 | D:13     | Killed a two-headed ogre
 26008 | D:12     | Noticed a five-headed hydra
 26857 | D:13     | Noticed a two-headed ogre
 26873 | D:13     | Killed a two-headed ogre
 26947 | D:13     | Reached **** piety under Ashenzari
 27006 | D:13     | Reached skill level 20 in Dodging
 27006 | D:13     | Reached skill level 5 in Evocations
 27149 | D:13     | Reached XP level 13. HP: 60/63 MP: 12/14
 27167 | D:13     | Found a gate to the Vaults.
 27232 | D:13     | Reached skill level 5 in Fighting
 28082 | D:12     | Killed Azrael
 28108 | D:12     | Killed from afar by a hell hound

Illustrated notes

Levels and vault maps discovered:
D:1:      ebering_hopf_link, layout_loops_ring
D:2:      layout_loops_ring, riverfiend_overflow_shadow_ancestor,
          minmay_distorted, uniq_terence, uniq_sigmund, uniq_jessica
D:3:      layout_basic, lemuel_round_altar, lemuel_round_altar,
          minmay_misc_feat_plants, minivault_5
D:4:      cheibrodos_greedy_goblins, layout_basic, kennysheep_mini,
          kennysheep_mini_moat, kennysheep_generic_room_7
D:5:      layout_basic, kennysheep_vampire_church, fedhas_altar_fruit_tree,
          serial_shops, nicolae_shop_competitors_out_of_business,
          hangedman_decor_points
D:6:      layout_loops_ring, minmay_temple_entry_trees, lemuel_flamethrower_2
D:7:      layout_basic, grunt_temple_overflow_champion_of_chaos,
          ashenzari_conservatory_becter, amethyst_overflow_temple_binary,
          uniq_harold
D:8:      layout_loops_corners, uniq_grum
D:9:      layout_cave_pools, serial_gnoll_camp, gnoll_camp_huts_moat,
          gnoll_camp_mini_basic, gnoll_camp_mini_doghouse, gnoll_camp_mini_shop,
          gnoll_camp_mini_house, gnoll_camp_medium_01, basic_altar, uniq_maurice
D:10:     layout_irregular_city, lair_entry_dummy, minivault_14
D:11:     layout_irregular_city, minmay_misc_feat_enclosed
D:12:     layout_loops_ring, orc_0_dummy, drop_trap, uniq_kirke, uniq_azrael
D:13:     layout_loops_ring, hangedman_vaults_entry_quadrant_bands
Lair:1:   layout_chaotic_city
Lair:2:   layout_cave_pods, swamp_mist, lemuel_fruit_tree
Lair:3:   layout_cave_pods, guppyfry_snake_entry_garden, amcnicky_altar_gilded

Skill      XL: |  1  2  3  4  5  6  7  8  9 10 11 12 13 |
---------------+----------------------------------------+-----
Short Blades   | 3 4 6 7 8 10 | 10.0
Dodging        | 4 5 6 8 11 13 15 17 20 | 20.6
Evocations     | 2 3 5 6 |  6.4
Fighting       | 4 5 |  5.4
Stealth        | 9 12 | 12.0
Shields        | 3 6 7 |  7.2
Armour         | 2 |  2.0

Action                   |  1- 3 |  4- 6 |  7- 9 | 10-12 | 13-15 || total
-------------------------+-------+-------+-------+-------+-------++-------
Melee: Short sword       |    61 |    49 |       |       |       ||   110
       Dagger            |     8 |   121 |   716 |  1986 |   216 ||  3047
Invok: Curse Item        |       |       |       |     3 |       ||     3
Evoke: Wand              |       |       |    10 |    12 |     6 ||    28
       Condenser vane    |       |       |       |     1 |     1 ||     2
  Use: Scroll            |       |     8 |     3 |    17 |     1 ||    29
       Potion            |       |     2 |     8 |     8 |     1 ||    19
 Stab: Sleeping          |     3 |    15 |    19 |    39 |     4 ||    80
       Distracted        |       |       |       |     2 |       ||     2
Armor: Robe              |     2 |     5 |    14 |    44 |     1 ||    66
       Skin              |       |       |       |     3 |       ||     3
Dodge: Dodged            |    57 |   109 |   414 |  1108 |   120 ||  1808
Block: Buckler           |       |       |       |   122 |    69 ||   191
